 Dungeon Crawl Stone Soup version 0.21-a0-480-g5da0f0d (webtiles) character file.

5 slep the Gusty (level 1, 0/10 HPs)
             Began as a Vine Stalker Wanderer on Nov 22, 2017.
             Slain by a leopard gecko (2 damage)
             ... on level 1 of the Dungeon.
             The game lasted 00:00:31 (81 turns).

slep the Gusty (Vine Stalker Wanderer)                Turns: 81, Time: 00:00:32

Health: 0/10       AC:  5    Str: 15    XL:     1   Next: 80%
Magic:  0/2        EV: 10    Int: 12    God:
Gold:   7          SH:  0    Dex: 12    Spells: 0/0 levels left

rFire    . . .     SeeInvis .   a - +2 dagger
rCold    . . .     Gourm    .   (no shield)
rNeg     . . .     Faith    .   c - +0 ring mail
rPois    .         Spirit   +   (no helmet)
rElec    .         Reflect  .   (no cloak)
rCorr    .         Harm     .   (no gloves)
MR       .....                  (no boots)
Stlth    +.........             (no amulet)
HPRegen  0.03/turn              (no ring)
MPRegen  0.08/turn              (no ring)

@: no status effects
A: fangs 2, magic shield, antimagic bite, no potion heal 3, rot immunity
a: no special abilities


You were on level 1 of the Dungeon.
You were not hungry.

You visited 1 branch of the dungeon, and saw 1 of its levels.

You collected 7 gold pieces.

Inventory:

Hand Weapons
 a - a +2 dagger (weapon)
Armour
 c - a +0 ring mail (worn)
Potions
 b - a potion of berserk rage
 d - a potion of lignification
Comestibles
 f - a bread ration


   Skills:
 + Level 1.0 Fighting
   Level 1.7 Crossbows
 + Level 1.0 Throwing
 + Level 2.0 Armour
 + Level 1.2 Stealth
   Level 1.0 Ice Magic
   Level 2.0 Air Magic


You couldn't memorise any spells.
You didn't know any spells.

Dungeon Overview and Level Annotations

Branches:
Dungeon (1/15)

Altars:


Innate Abilities, Weirdness & Mutations

You have extremely sharp teeth.
When hurt, damage is shared between your health and your magic reserves.
Your bite disrupts and absorbs the magic of your enemies.
Potions cannot restore your health.
You are immune to rotting.


Message History

You bite the leopard gecko, but do no damage.
The leopard gecko bites you.
* * * LOW HITPOINT WARNING * * *
The leopard gecko bites you but does no damage.
You completely miss the leopard gecko.
The leopard gecko bites you but does no damage.
You closely miss the leopard gecko. The leopard gecko closely misses you.
You closely miss the leopard gecko. Your bite misses the leopard gecko.
The leopard gecko closely misses you.
You hit the leopard gecko. Your bite misses the leopard gecko.
The leopard gecko is lightly wounded.
The leopard gecko bites you but does no damage.
You closely miss the leopard gecko. Your bite misses the leopard gecko.
The leopard gecko is lightly wounded.
The leopard gecko hisses menacingly.
The leopard gecko barely misses you. x2
You closely miss the leopard gecko.
The leopard gecko is lightly wounded.
The leopard gecko bites you.
You die...

...#########
......l@...#
≈≈...
.#.#####.###
#≈..#.# #.# #.#
#≈..#.# #.# #.#
#≈..#.# #.# #.#
#≈..#.# #.# #.#
###≈..#.# #.###
#.# #≈#≈..#.#
#...###.# 8
♣≈.)#.#####.#...#


You could see a leopard gecko.

Vanquished Creatures
  An adder zombie (D:1)
  A goblin (D:1)
  A ball python zombie (D:1)
3 creatures vanquished.

Notes
Turn   | Place    | Note
-------+----------+-------------------------------------------
     0 | D:1      | slep the Vine Stalker Wanderer began the quest for the Orb.
     0 | D:1      | slep set off with: a +2 dagger, a potion of berserk rage, a +0 ring mail, a potion of lignification, a bread ration
     0 | D:1      | Reached XP level 1. HP: 10/10 MP: 2/2
    81 | D:1      | Slain by a leopard gecko

Vault maps used:
D:1:      saegor_arrival_fortress

Skill      XL: |  1 |
---------------+----+-----
Armour         | 2 |  2.0
Fighting       | |  1.0
Crossbows      | |  1.7
Throwing       | |  1.0
Stealth        | |  1.2
Ice Magic      | |  1.0
Air Magic      | |  2.0

Action                   || total
-------------------------++-------
Melee: Dagger            ||    21
       Bite              ||     2
Armor: Ring mail         ||    10
Dodge: Dodged            ||     9

Table legend:
 A = Spawn XP
 B = Non-spawn XP
 C = Spawn XP percentage of total XP
 D = Spawn monster count
 E = Non-spawn monster count
 F = Spawn count percentage of total count
 G = Total turns spent on level
                    A         B        C        D         E        F      G
               +---------+---------+-------+---------+---------+-------+---------
         Total |       0 |       8 |   0.0 |       0 |       3 |   0.0 |    81
               +---------+---------+-------+---------+---------+-------+---------
           D:1 |       0 |       8 |   0.0 |       0 |       3 |   0.0 |    81
               +---------+---------+-------+---------+---------+-------+---------
